 Dungeon Crawl Stone Soup version 0.23-a0-49-gd9f7a49 (webtiles) character file.

7 Amnesiac the Gusty (level 1, -4/13 HPs)
             Began as a Mummy Air Elementalist on Aug 7, 2018.
             Slain by a hobgoblin
             ... wielding a +0 club
              (5 damage)
             ... on level 2 of the Dungeon.
             The game lasted 00:01:35 (736 turns).

Amnesiac the Gusty (Mummy Air Elementalist)          Turns: 736, Time: 00:01:36

Health: -4/13      AC:  2    Str: 11    XL:     1   Next: 91%
Magic:  4/4        EV: 12    Int: 14    God:
Gold:   19         SH:  0    Dex: 12    Spells: 4/5 levels left

rFire    x . .     SeeInvis .   e - +0 club
rCold    + . .     Gourm    .   (no shield)
rNeg     + + +     Faith    .   a - +0 robe
rPois    ∞         Spirit   .   (no helmet)
rElec    .         Reflect  .   (no cloak)
rCorr    .         Harm     .   (no gloves)
MR       .....                  (no boots)
Stlth    ++........             (no amulet)
HPRegen  0.04/turn              (no ring)
MPRegen  0.09/turn              (no ring)

@: no status effects
A: no food or potions, fire vulnerability, cold resistance 1, negative energy
resistance 3, torment resistance, unbreathing
a: no special abilities


You were on level 2 of the Dungeon.
You were not hungry.

You visited 1 branch of the dungeon, and saw 3 of its levels.

You collected 19 gold pieces.

Inventory:

Hand Weapons
 e - a +0 club (weapon)
Armour
 a - a +0 robe (worn)
Scrolls
 b - 2 scrolls of teleportation {!r, unknown}
 c - a scroll of amnesia {!r, unknown}
 d - a scroll of fog {!r, unknown}


   Skills:
 - Level 1.5 Dodging
 - Level 1.5 Stealth
 + Level 2.8 Spellcasting
 - Level 0.7 Conjurations
 * Level 2.8 Air Magic


You had 4 spell levels left.
You knew the following spells:

 Your Spells              Type           Power        Failure   Level  Hunger
a - Shock                 Conj/Air       #...         11%         1    N/A

Your spell library contained the following spells:

 Spells                   Type           Power        Failure   Level  Hunger
 Lightning Bolt           Conj/Air       #.........   96%         5    N/A
 Swiftness                Chrm/Air       #.......     19%         2    N/A
 Airstrike                Air            ##........   56%         4    N/A
 Static Discharge         Conj/Air       #.......     30%         3    N/A

Dungeon Overview and Level Annotations

Branches:
Dungeon (3/15)

Altars:

Annotations:
D:2 1 runed door


Innate Abilities, Weirdness & Mutations

You do not eat or drink.
Your flesh is vulnerable to fire.
You are immune to poison.
Your flesh is cold resistant. (rC+)
You are immune to negative energy. (rN+++)
You are immune to unholy pain and torment.
You can survive without breathing.


Message History

The goblin shouts!
You hear a shout! x3
You climb downwards.
A hobgoblin and an orc come into view.
The orc moves out of view.
Found an escape hatch in the ceiling.
There is a stone staircase leading up here.
The helpless hobgoblin fails to defend itself.
You hit the hobgoblin.
The hobgoblin is heavily wounded.
The hobgoblin closely misses you.
You hit the hobgoblin but do no damage.
The hobgoblin is heavily wounded.
The hobgoblin hits you with a club.
You hit the hobgoblin.
You kill the hobgoblin!
No target in view!
You start resting.
The orc is too close now for your liking.
An orc is nearby!
An orc is nearby!
An orc comes into view. It is wielding a hand axe.
The orc moves out of view.
There is a stone staircase leading up here.
You see here a club.
e - a club The orc shouts!
An orc comes into view. It is wielding a short sword.
An orc comes into view. It is wielding a hand axe.
The orc throws a tomahawk.
The tomahawk barely misses you.
The orc shouts!
An orc comes into view. It is wielding a dagger.
The orc throws a tomahawk.
The tomahawk hits you.
You see here a tomahawk.
Found 8 gold pieces and 26 stones.
A hobgoblin comes into view. It is wielding a club.
Found a club.
The hobgoblin shouts!
Found 22 stones and a ration.
The hobgoblin barely misses you.
There is a stone staircase leading up here.
The hobgoblin misses you.
You climb upwards.
Level annotation: 1 runed door
There is a stone staircase leading down here.
Wield which item (- for none, * to show all)? (? for menu, Esc to quit)
e - a +0 club (weapon)
You hit the hobgoblin.
The hobgoblin is heavily wounded.
The hobgoblin hits you with a club.
You barely miss the hobgoblin.
The hobgoblin is heavily wounded.
The hobgoblin misses you.
You hit the hobgoblin but do no damage.
The hobgoblin is heavily wounded.
The hobgoblin hits you with a club.
* * * LOW HITPOINT WARNING * * *
The hobgoblin hits you but does no damage.
You hit the hobgoblin.
The hobgoblin is almost dead.
The hobgoblin hits you but does no damage.
You barely miss the hobgoblin.
The hobgoblin is severely wounded.
The hobgoblin hits you with a club.
You die...

#.....########.#
...##.. #.# # #(.
#.# ... #.# ##.# #.#
#. #.# ###### #.#
#...# ##.#
#...#####@.#########
#...#...g..........#
##
#...<.###.########.#
.+ #...#####.# #.#
## #...# #..# #.# #
#...# #.## #.# #####
#.# #.# #.# #.# ##
#.# #.#


You could see a hobgoblin.

Vanquished Creatures
  A dart slug (D:1)
  2 hobgoblins
  A ball python (D:2)
  2 rats
6 creatures vanquished.

Notes
Turn   | Place    | Note
-------+----------+-------------------------------------------
     0 | D:1      | Amnesiac the Mummy Air Elementalist began the quest for the Orb.
     0 | D:1      | Reached XP level 1. HP: 13/13 MP: 4/4
   631 | D:2      | Found a runed door.
   736 | D:2      | Slain by a hobgoblin

Vault maps used:
D:1:      evilmike_arrival_hilbert_curve, minmay_bisected
D:2:      gammafunk_temple_overflow_wave, hangedman_decor_lopped,
          roderic_lattice_a, minmay_octomino_c4, uniq_robin,
          uniq_crazy_yiuf_cottage
D:3:      nicolae_overflow_hidden_temple, uniq_grinder

Action                   || total
-------------------------++-------
Melee: Unarmed           ||    30
       Club              ||     5
 Stab: Sleeping          ||     1
Armor: Robe              ||     3
Dodge: Dodged            ||    19

Table legend:
 A = Spawn XP
 B = Non-spawn XP
 C = Spawn XP percentage of total XP
 D = Spawn monster count
 E = Non-spawn monster count
 F = Spawn count percentage of total count
 G = Total turns spent on level
                    A         B        C        D         E        F      G
               +---------+---------+-------+---------+---------+-------+---------
         Total |       0 |      11 |   0.0 |       0 |       6 |   0.0 |   736
               +---------+---------+-------+---------+---------+-------+---------
           D:1 |       0 |       5 |   0.0 |       0 |       2 |   0.0 |   212
           D:2 |       0 |       4 |   0.0 |       0 |       3 |   0.0 |   460
           D:3 |       0 |       2 |   0.0 |       0 |       1 |   0.0 |    64
               +---------+---------+-------+---------+---------+-------+---------
